 Dungeon Crawl Stone Soup version 0.17-a0-2027-gcac42c4 (webtiles) character file.

276 Ijustatesigmund the Changer (level 6, -1/38 HPs)
             Began as an Octopode Transmuter on Oct 10, 2015.
             Succumbed to poison (a potion of poison)
             ... on level 4 of the Dungeon.
             The game lasted 00:07:59 (3572 turns).

Ijustatesigmund the Changer (Octopode Transmuter)   Turns: 3572, Time: 00:07:59

Health: -1/38      AC:  1    Str: 10    XL:     6   Next: 25%
Magic:  9/9        EV: 12    Int: 17    God:
Gold:   110        SH:  4    Dex: 12    Spells: 3 memorised, 3 levels left

rFire  . . .     SeeInvis .     d - +0 dagger (venom)
rCold  . . .     Clarity  .     h - +0 buckler
rNeg   . . .     SustAt   .     (helmet restricted)
rPois  .         Gourm    .     (no amulet)
rElec  .         Spirit   .     (no ring)
rCorr  .         Warding  .     (no ring)
rMut   .         Stasis   .     (no ring)
MR     .....                    (no ring)
Stlth  ++++......               (no ring)
                                (no ring)
                                (no ring)
                                (no ring)

@: lethally poisoned (-1 -> -27), not resistant to hostile enchantments,
stealthy
A: almost no armour, amphibious, 8 rings, constrict 8, camouflage 1, gelatinous
body 1
a: no special abilities


You were on level 4 of the Dungeon.
You were not hungry.

You visited 1 branch of the dungeon, and saw 4 of its levels.

You collected 110 gold pieces.

Inventory:

Hand Weapons
 d - a +0 dagger of venom (weapon)
 g - a cursed -3 dagger
Missiles
 a - 12 arrows
Armour
 h - a +0 buckler (worn)
Wands
 n - a wand of magic darts (21)
Scrolls
 i - a scroll of fear
Potions
 e - 2 potions of might
 j - a potion of brilliance
Books
 b - a book of Changes

   Spells                             Type                      Level
   a - Beastly Appendage              Transmutation                1
   b - Sticks to Snakes               Transmutation                2
   c - Spider Form                    Transmutation/Poison         3
   d - Ice Form                       Ice/Transmutation            4
   e - Blade Hands                    Transmutation                5
Comestibles
 c - 2 bread rations
 f - 4 fruits
 l - a meat ration


   Skills:
 - Level 1.0 Fighting
 + Level 2.4 Short Blades
 - Level 2.0 Dodging
 + Level 3.8 Stealth
 + Level 1.5 Shields
 - Level 3.0 Unarmed Combat
 - Level 2.0 Spellcasting
 + Level 4.0 Transmutations
 + Level 2.5 Poison Magic


You had 3 spell levels left.
You knew the following spells:

 Your Spells              Type           Power        Failure   Level  Hunger
a - Beastly Appendage     Trmt           ###...       6%          1    #......
b - Sticks to Snakes      Trmt           ###.......   10%         2    ###....
c - Spider Form           Trmt/Pois      ##........   24%         3    ###....


Dungeon Overview and Level Annotations

Branches:
Dungeon (4/15)
 Temple: D:4-7

Altars:
Ashenzari
Dithmenos
Ru


Innate Abilities, Weirdness & Mutations

You cannot wear most types of armour.
You are amphibious.
You can wear up to eight rings at the same time.
You can use your tentacles to constrict eight enemies at once.
Your skin changes colour to match your surroundings (Stealth).
Your rubbery body absorbs attacks (AC +1).


Message History

* * * LOW HITPOINT WARNING * * *
You feel sick. The adder bites you.
* * * LOW HITPOINT WARNING * * *
You closely miss the adder. Your grab misses the adder.
The adder is almost dead.
* * * LOW HITPOINT WARNING * * *
You feel sick. The adder bites you.
* * * LOW HITPOINT WARNING * * *
The adder barely misses you.
Drink which item? (? for menu, Esc to quit)
It was a potion of poison.
That liquid tasted very nasty...
You are more poisoned.
* * * LOW HITPOINT WARNING * * *
You feel sick. The adder closely misses you.
You closely miss the adder. You grab the adder.
You squeeze the adder, but do no damage.
The adder is almost dead.
You constrict the adder.
You kill the adder!
You die...

#.........#
#.........#
#.........##
#..........#
..........
##....#
#.....###
###<......#
##.#...@.#...#
#........###.##
#..............
##..#..<###.####
##......$...#
#######......
#....# #....
#...


There were no monsters in sight!

Vanquished Creatures
  An orc wizard (D:3)
  2 orc priests (D:3)
  A worker ant (D:4)
  A gnoll (D:3)
  6 adders
  2 oozes
  3 worms (D:2)
  A giant gecko (D:3)
  7 orcs (D:3)
  3 giant cockroaches
  9 goblins
  8 hobgoblins
  A quokka (D:3)
  6 bats
  3 giant newts
  10 kobolds
  9 rats
73 creatures vanquished.

Vanquished Creatures (others)
  4 toadstools (D:1)
4 creatures vanquished.

Grand Total: 77 creatures vanquished

Notes
Turn   | Place    | Note
--------------------------------------------------------------
     0 | D:1      | Ijustatesigmund the Octopode Transmuter began the quest for the Orb.
     0 | D:1      | Reached XP level 1. HP: 13/13 MP: 3/3
   197 | D:1      | Reached skill level 1 in Stealth
   496 | D:1      | Reached XP level 2. HP: 18/18 MP: 5/5
   509 | D:1      | Learned a level 2 spell: Sticks to Snakes
   999 | D:1      | Reached XP level 3. HP: 20/23 MP: 6/6
  1004 | D:1      | Learned a level 3 spell: Spider Form
  1173 | D:2      | Found a shadowy altar of Dithmenos.
  1173 | D:2      | Found a faded altar to an unknown god.
  1216 | D:2      | Reached skill level 1 in Short Blades
  1645 | D:2      | Reached skill level 1 in Poison Magic
  1764 | D:2      | Reached XP level 4. HP: 28/28 MP: 7/7
  2157 | D:2      | Found a shattered altar of Ashenzari.
  2664 | D:3      | Reached XP level 5. HP: 22/33 MP: 8/8
  3258 | D:4      | Reached skill level 1 in Shields
  3330 | D:3      | Reached XP level 6. HP: 32/38 MP: 9/9
  3371 | D:3      | Reached skill level 4 in Transmutations
  3475 | D:3      | Found a sacrificial altar of Ru.
  3571 | D:4      | HP: 1/38 [poison (a potion of poison)]
  3572 | D:4      | Succumbed to poison (a potion of poison)

Vault maps used:
D:1:      ldierk_water_garden, feat_on_display
D:2:      grunt_dithmenos_smoke_and_mirrors, lemuel_coloured_pillars_altar,
          first_bread, ecumenical_altar_2
D:3:      grunt_temple_overflow_open, uniq_terence
D:4:      bloody_trog, fedhas_altar_4

Action                   |  1- 3 |  4- 6 || total
-------------------------+-------+-------++-------
Melee: Unarmed           |    14 |       ||    14
       Dagger            |    46 |    97 ||   143
  Use: Scroll            |     3 |     1 ||     4
       Potion            |     1 |     1 ||     2
 Stab: Sleeping          |    13 |     7 ||    20
       Distracted        |       |     1 ||     1
  Eat: Chunk             |     3 |     4 ||     7
       Fruit             |       |     1 ||     1
